 Dungeon Crawl Stone Soup version 0.29.1-2-gbd0b4ee654 (webtiles) character file.

Game seed: 15898466216235758176

2467 fantasyman the Protected (level 9, 0/72 HPs)
             Began as a Demigod Fighter on Nov 13, 2022.
             Killed from afar by a steam dragon (13 damage)
             ... with a ball of steam
             ... on level 7 of the Dungeon.
             The game lasted 00:11:44 (9477 turns).

fantasyman the Protected (Demigod Fighter)          Turns: 9477, Time: 00:11:45

Health: 0/72       AC: 19    Str: 41    XL:     9   Next: 6%
Magic:  0/11       EV:  9    Int: 10    God:
Gold:   245        SH:  5    Dex: 13    Spells: 8/8 levels left

rFire   . . .      SeeInvis .   l - +0 mace
rCold   . . .      Faith    .   c - +0 buckler
rNeg    + . .      Spirit   +   i - +2 chain mail "Buaf" {Str+8}
rPois   .          Reflect  .   (no helmet)
rElec   .          Harm     .   (no cloak)
rCorr   .          Rampage  .   o - +0 pair of gloves
Will    .....                   p - +0 pair of boots
Stlth   ..........              b - amulet of the Mackerel {Spirit Str+4}
HPRegen 0.22/turn               h - +4 ring of protection
MPRegen 0.12/turn               m - ring of positive energy

@: no status effects
A: high MP 1, forlorn, divine attributes
a: no special abilities


You were on level 7 of the Dungeon.
You visited 1 branch of the dungeon, and saw 7 of its levels.

You collected 294 gold pieces.
You spent 49 gold pieces at shops.

Inventory:

Hand Weapons
 l - a +0 mace (weapon)
Armour
 c - a +0 buckler (worn)
 i - the +2 chain mail "Buaf" (worn) {Str+8}
   (You found it on level 2 of the Dungeon)

   Str:       It affects your strength (+8).
 o - a +0 pair of gloves (worn)
 p - a +0 pair of boots (worn)
Jewellery
 b - the amulet of the Mackerel (around neck) {Spirit Str+4}
   (You acquired it on level 3 of the Dungeon)

   [amulet of guardian spirit]

   It causes incoming damage to be divided between your reserves of health and
   magic.
   Str:       It affects your strength (+4).
 h - a +4 ring of protection (left hand)
 m - a ring of positive energy (right hand)
Wands
 q - a wand of flame (12)
 v - a wand of polymorph (13)
Scrolls
 e - 2 scrolls of magic mapping
 j - 2 scrolls of poison
 k - a scroll of identify
 n - 2 scrolls of noise
 r - a scroll of teleportation
Potions
 a - a potion of haste
 d - 4 potions of curing
 f - a potion of ambrosia
 g - 2 potions of heal wounds


   Skills:
 + Level 4.7 Fighting
 + Level 6.9 Maces & Flails
 * Level 8.6 Armour
 - Level 0.1 Stealth
 - Level 3.5 Shields


You had 8 spell levels left.
You didn't know any spells.
Your spell library contained the following spells:

 Spells                   Type           Power      Damage    Failure   Level
 Ensorcelled Hibernation  Hex/Ice        0%         N/A       91%         2
 Gell's Gravitas          Tloc           0%         N/A       99%         3
 Spider Form              Tmut/Pois      0%         N/A       99%         3
 Teleport Other           Tloc           0%         N/A       99%         3
 Tukima's Dance           Hex            0%         N/A       99%         3
 Anguish                  Hex/Necr       0%         N/A       100%        4
 Corpse Rot               Necr/Pois/Air  0%         N/A       100%        4
 Dispel Undead            Necr           0%         3d6       100%        4
 Passage of Golubria      Tloc           0%         N/A       100%        4
 Yara's Violent Unravell  Hex/Tmut       0%         3d3       100%        5
 Death Channel            Necr           0%         N/A       100%        6
 Dispersal                Tloc           0%         N/A       100%        6


Dungeon Overview and Level Annotations

Branches:
Dungeon (7/15)             Temple (0/1) D:6

Shops:
D:3 [

Annotations:
D:4 3 runed translucent doors, llahlahkje's ghost, amateur MiAK


Innate Abilities, Weirdness & Mutations

You have an increased reservoir of magic. (+10% MP)
You shall have no god before yourself.
Your divine heritage dramatically boosts your attributes as you level up.


Message History

The steam dragon claws you but does no damage.
The steam dragon breathes steam at you. The ball of steam hits you!
You are engulfed in a cloud of scalding steam.
The steam dragon barely misses you. The steam dragon closely misses you.
You closely miss the steam dragon.
The steam dragon is heavily wounded.
You are engulfed in a cloud of scalding steam.
The steam dragon bites you but does no damage.
The steam dragon claws you but does no damage.
The steam dragon bites you but does no damage.
The steam dragon barely misses you.
You closely miss the steam dragon.
The steam dragon is heavily wounded.
The steam dragon bites you but does no damage.
The steam dragon claws you but does no damage.
You barely miss the steam dragon.
The steam dragon is heavily wounded.
The steam dragon breathes steam at you. The ball of steam hits you!
* * * LOW HITPOINT WARNING * * *
You hit the steam dragon but do no damage.
The steam dragon is heavily wounded.
You are engulfed in a cloud of scalding steam.
* * * LOW HITPOINT WARNING * * *
The steam dragon bites you but does no damage.
The steam dragon claws you but does no damage.
You sock the steam dragon!
The steam dragon is severely wounded.
The steam dragon bites you but does no damage.
You block the steam dragon's attack.
You hit the steam dragon.
The steam dragon is almost dead.
You block the steam dragon's attack.
The steam dragon claws you but does no damage.
You closely miss the steam dragon.
The steam dragon is almost dead.
The steam dragon breathes steam at you. The ball of steam hits you!!
You die...

#.....#....'....#...##.....#~#
####'##....#....#...##.....#~~
#.....#... #....#.........<###
#.....#.. #....#...##...####+
#.....#. #....#...######....
#.....# #....'........'....
#.....# #....#........#....
#.....# #.D..#........#....
#.....# #.@.ยง#........#....
#.....# #....#...###+##....
#.....######....#...#......##'
#............<..#'###......#..
#
#...............#...#......#..
#
#...............#...#......###
#
#...............#...#.......#.
#
#.......####....#...#.......#.
#
#.......#..######...#.......#.


You could see a steam dragon (catching breath).

Vanquished Creatures
  Eustachio (D:4)
  3 ice beasts
  An ogre (D:4)
  2 sky beasts
  2 centaurs
  2 phantoms
  6 bullfrogs
  2 necrophages
  2 scorpions
  2 water moccasin zombies (D:6)
  A bullfrog zombie (D:6)
  6 hounds
  A jelly (D:5)
  2 gnoll boudas
  A bullfrog skeleton (D:6)
  4 iguanas
  A howler monkey zombie (D:6)
  4 adders
  16 gnolls
  A shadow imp (D:5)
  2 white imps
  2 ufetubi
  2 worms (D:2)
  5 dart slugs
  6 bats
  3 endoplasms
  4 giant cockroaches
  4 goblins
  12 hobgoblins
  3 jackals (D:1)
  9 kobolds
  7 quokkas
  6 ball pythons
  3 frilled lizards
  10 rats
138 creatures vanquished.

Vanquished Creatures (others)
  An orc (D:7)
1 creature vanquished.

Grand Total: 139 creatures vanquished

Notes
Turn   | Place    | Note
-------+----------+-------------------------------------------
     0 | D:1      | fantasyman the Demigod Fighter began the quest for the Orb.
     0 | D:1      | Reached XP level 1. HP: 18/18 MP: 3/3
   101 | D:1      | Reached XP level 2. HP: 13/25 MP: 4/4
   462 | D:1      | Reached skill level 3 in Armour
  1157 | D:1      | Reached XP level 3. HP: 31/31 MP: 5/5
  1460 | D:2      | Identified the +2 chain mail "Buaf" {Str+8}
  1706 | D:2      | Reached XP level 4. HP: 32/38 MP: 6/6
  2972 | D:3      | Reached XP level 5. HP: 45/45 MP: 7/7
  3055 | D:3      | Reached skill level 4 in Armour
  3218 | D:3      | Found Ziloqol's Armour Shoppe.
  3223 | D:3      | Bought a +0 pair of gloves for 49 gold pieces
  3380 | D:3      | Noticed an ice beast
  3388 | D:3      | Killed an ice beast
  4351 | D:4      | Noticed Eustachio
  4378 | D:4      | Killed Eustachio
  4379 | D:4      | Reached XP level 6. HP: 17/51 MP: 8/8
  5202 | D:3      | Identified a scroll of acquirement
  5202 | D:3      | Acquired the amulet of the Mackerel {Spirit Str+4}
  5275 | D:4      | Noticed llahlahkje's ghost (amateur MiAK)
  5284 | D:4      | Found a runed translucent gate.
  5284 | D:4      | Found a runed translucent gate.
  5284 | D:4      | Found a runed translucent gate.
  5338 | D:4      | Reached skill level 5 in Armour
  6142 | D:4      | Reached XP level 7. HP: 57/58 MP: 9/9
  6217 | D:5      | Entered Level 5 of the Dungeon
  6283 | D:5      | Reached skill level 6 in Armour
  7540 | D:6      | Found a staircase to the Ecumenical Temple.
  7554 | D:6      | Reached skill level 5 in Maces & Flails
  7554 | D:6      | Reached skill level 7 in Armour
  7560 | D:6      | Reached XP level 8. HP: 51/66 MP: 7/10
  8037 | D:6      | Reached skill level 8 in Armour
  8350 | D:6      | Noticed a gargoyle
  9089 | D:7      | Reached XP level 9. HP: 72/72 MP: 11/11
  9477 | D:7      | Killed from afar by a steam dragon

Illustrated notes

Levels and vault maps discovered:
D:1:      dpeg_arrival_boxes_within_box, layout_basic
D:2:      layout_loops_ring, basic_altar, nicolae_ecumenical_lake_church,
          hangedman_abyss_or_decor_stabs
D:3:      layout_loops_corners, serial_shops, shop, grunt_decor_cap,
          st_stairs_10, chequers_avenue
D:4:      layout_rooms, gammafunk_ghost_split, minmay_misc_feat_chi,
          uniq_eustachio
D:5:      layout_loops_ring, nicolae_elyvilon_temple_path
D:6:      cheibrodos_fzero, layout_basic, minmay_temple_entry_slanted,
          serial_undead, serial_undead_a, serial_undead_a, serial_undead_e,
          serial_undead_c
D:7:      layout_gridville, serial_shops, nicolae_shop_bloodbath_and_beyond,
          kennysheep_generic_room_5

Skill      XL: |  1  2  3  4  5  6  7  8 |
---------------+-------------------------+-----
Shields        | 3 |  3.5
Fighting       | 3 4 |  4.7
Armour         | 3 4 5 7 8 |  8.6
Maces & Flails | 2 3 4 5 6 |  6.9
Stealth        | |  0.1

Action                   |  1- 3 |  4- 6 |  7- 9 || total
-------------------------+-------+-------+-------++-------
Melee: Flail             |   119 |   147 |       ||   266
       Mace              |       |    28 |   326 ||   354
  Use: Scroll            |     2 |     2 |     3 ||     7
       Potion            |       |     8 |     2 ||    10
Armor: Scale mail        |    61 |       |       ||    61
       Chain mail        |    13 |    97 |   305 ||   415
Dodge: Dodged            |    54 |    72 |   207 ||   333
Block: Buckler           |    32 |    36 |    95 ||   163
